 Dungeon Crawl Stone Soup version 0.29.1-1-gd02db6906a (webtiles) character file.

Game seed: 13606576531681406672

158 MisterFreud the Twirler (level 5, -8/38 HPs)
             Began as a Formicid Gladiator on Oct 2, 2022.
             Killed by divine providence
             ... invoked by an orc priest
              (13 damage)
             ... on level 3 of the Dungeon.
             The game lasted 00:03:35 (3207 turns).

MisterFreud the Twirler (Formicid Gladiator)        Turns: 3207, Time: 00:03:37

Health: -8/38      AC:  4    Str: 21    XL:     5   Next: 67%
Magic:  5/5        EV: 13    Int:  7    God:
Gold:   128        SH:  0    Dex: 21    Spells: 4/4 levels left

rFire   . . .      SeeInvis +   a - +1 quarterstaff
rCold   . . .      Faith    .   (no shield)
rNeg    . . .      Spirit   .   b - +0 leather armour
rPois   .          Reflect  .   (helmet unavailable)
rElec   .          Harm     .   i - +0 cloak
rCorr   .          Rampage  .   (no gloves)
Will    .....                   (no boots)
Stlth   ++........              (no amulet)
HPRegen 0.12/turn               g - +6 ring of dexterity
MPRegen 0.09/turn               (no ring)

@: no status effects
A: permanent stasis, dig shafts and tunnels, antennae 3, four strong arms
a: Dig, Shaft Self


You were on level 3 of the Dungeon.
You visited 1 branch of the dungeon, and saw 3 of its levels.

You collected 128 gold pieces.

Inventory:

Hand Weapons
 a - a +1 quarterstaff (weapon)
Missiles
 c - 3 throwing nets (quivered)
 d - 3 javelins
Armour
 b - a +0 leather armour (worn)
 i - a +0 cloak (worn)
Jewellery
 g - a +6 ring of dexterity (left hand)
 j - a ring of protection from fire
Scrolls
 l - a scroll of fear {unknown}
Potions
 e - a potion of ambrosia {unknown}
 f - 3 potions of haste {unknown}
 h - a potion of lignification {unknown}
 k - a potion of brilliance {unknown}
 m - a potion of mutation {unknown}
 o - a potion of invisibility {unknown}
 p - a potion of heal wounds {unknown}


   Skills:
 - Level 2.1 Fighting
 + Level 5.9 Staves
 - Level 2.0 Throwing
 - Level 2.6 Dodging


You had 4 spell levels left.
You didn't know any spells.
Your spell library contained the following spells:

 Spells                   Type           Power      Damage    Failure   Level
 Confusing Touch          Hex            0%         N/A       85%         3
 Summon Guardian Golem    Hex/Summ       0%         N/A       85%         3
 Yara's Violent Unravell  Hex/Tmut       0%         3d3       100%        5
 Enfeeble                 Hex            0%         N/A       100%        7
 Orb of Destruction       Conj           0%         9d5       100%        7
 Spellforged Servitor     Conj/Summ      0%         N/A       100%        7


Dungeon Overview and Level Annotations

Branches:
Dungeon (3/15)

Altars:

Shops:
D:1 (


Innate Abilities, Weirdness & Mutations

You cannot be hasted, slowed, berserked, paralysed or teleported.
You can dig through walls and to a lower floor.
You have a pair of large antennae on your head. (SInv)
Your four strong arms can wield two-handed weapons with a shield.


Message History

You sense a monster nearby.
There is an open door here.
A gnoll comes into view. It is wielding a +0 spear.
A gnoll is nearby!
A gnoll is nearby!
An orc comes into view. It is wielding a +0 short sword.
The orc shouts!
The gnoll shouts!
You hear a shout!
You hear an angry hiss.
An orc priest and a kobold come into view.
Found a stone staircase leading down.
The orc priest shouts!
An orc wizard comes into view. It is wielding a +0 dagger.
You closely miss the orc. The orc hits you with a +0 short sword.
The gnoll barely misses you.
You hit the orc.
The orc is lightly wounded.
The orc closely misses you.
The gnoll hits you from afar with a +0 spear.
You thump the orc!
You kill the orc!
The gnoll hits you from afar with a +0 spear.
The gnoll barely misses you. The gnoll hits you with a +0 spear.
Things that are here:
a +0 short sword; an orc corpse You hit the gnoll.
The gnoll is moderately wounded.
The gnoll hits you with a +0 spear.
You hit the gnoll.
The gnoll is heavily wounded.
The gnoll barely misses you.
The orc priest invokes the aid of Beogh against you.
Beogh smites you!
You hit the gnoll but do no damage.
The gnoll is heavily wounded.
The gnoll hits you with a +0 spear!
* * * LOW HITPOINT WARNING * * *
The orc priest invokes the aid of Beogh against you.
Beogh smites you!
You die...

... #. #.####... #.
#........ #.# #o# ...
#.#.#.######### ...
#.#.#.##......# ..
#.#....'......# .[
#.###.##......##.#
##.#
#..@go..#.######.#
.#.# #######.#.#.# #.#
...# ..........#.# #.#
..## #######.###.# #.#
.## { ............####
#.# .# {
.######.#......###.###
.# ....'.............
.# { {
###.#....).###.### .#
#.#......# #.#


You could see an orc priest and a gnoll.

Vanquished Creatures
  5 gnolls
  4 adders
  A worm (D:2)
  4 dart slugs
  An orc (D:3)
  2 bats
  11 endoplasms
  A giant cockroach (D:1)
  7 hobgoblins
  2 kobolds
  A quokka (D:1)
  5 ball pythons
  A frilled lizard (D:2)
  11 goblins
  3 rats
59 creatures vanquished.

Notes
Turn   | Place    | Note
-------+----------+-------------------------------------------
     0 | D:1      | MisterFreud the Formicid Gladiator began the quest for the
                  | Orb.
     0 | D:1      | Reached XP level 1. HP: 16/16 MP: 1/1
   255 | D:1      | Reached XP level 2. HP: 22/22 MP: 2/2
   343 | D:1      | Found Memeh's Antique Weapon Boutique.
   500 | D:1      | Reached skill level 4 in Staves
   500 | D:1      | Reached XP level 3. HP: 15/27 MP: 3/3
  1210 | D:2      | Reached XP level 4. HP: 28/33 MP: 4/4
  1416 | D:2      | Reached skill level 5 in Staves
  2541 | D:2      | Reached XP level 5. HP: 21/38 MP: 5/5
  3207 | D:3      | Killed from afar by an orc priest

Illustrated notes

Levels and vault maps discovered:
D:1:      lemuel_arrival_rhombus, layout_loops_ring, serial_shops,
          shop_fountains
D:2:      layout_rooms
D:3:      layout_basic, hellmonk_ecumenical_altar_pennies_from_heaven,
          gammafunk_ghost_nasty_kobolds, minmay_box_of_dots

Skill      XL: |  1  2  3  4 |
---------------+-------------+-----
Staves         | 4 5 |  5.9
Fighting       | |  2.1
Throwing       | |  2.0
Dodging        | |  2.6

Action                   |  1- 3 |  4- 6 || total
-------------------------+-------+-------++-------
Melee: Quarterstaff      |    56 |    92 ||   148
  Use: Scroll            |       |     4 ||     4
Armor: Leather armour    |    14 |    17 ||    31
Dodge: Dodged            |    30 |    66 ||    96
